Map: Kairos Junction LE

Players

PengWin - Winner!

  • Race: Zerg Zerg
  • Spawn Location: 11:00

JEROS

  • Race: Terran Terran
  • Spawn Location: 5:00

Event: 2019 WCS Summer

VOD

Have the link to the VOD?

Description

Time

  • Played on: July 12, 2019, 7:25 a.m.
  • Length: 6:43

All games in this series

Show
View Real Time Build Order
Export as new Build Order

PengWin Zerg - Winner!

Build Orders: Pool First 

Get SALT Encoding   

  12  0:01  Drone  
  13  0:12  Overlord  
  13  0:16  Drone  
  14  0:30  Drone x2  
  16  0:36  Drone  
  17  0:48  Spawning Pool  
  16  0:51  Drone  
  17  1:09  Hatchery  
  16  1:13  Drone  
  16  1:16  Extractor  
  16  1:30  Drone x2  
  18  1:34  Queen  
  18  1:36  Zergling x2  
  21  1:46  Overlord  
  21  2:00  Drone  
  22  2:09  Drone  
  22  2:10  Queen  
  25  2:22  Queen  
  25  2:26  Metabolic Boost  
  25  2:28  Drone x3  
  30  2:36  Drone x2  
  32  2:43  Overlord  
  32  2:52  Drone x4  
  36  3:05  Pneumatized Carapace  
  36  3:07  Queen  
  36  3:10  Drone x2  
  36  3:11  Drone  
  41  3:21  Extractor, Baneling Nest  
  39  3:30  Overlord  
  39  3:31  Drone  
  39  3:32  Drone x4  
  44  3:50  Queen  
  44  3:51  Zergling x10  
  51  4:02  Zergling x2  
  51  4:08  Lair  
  51  4:10  Overlord x2  
  51  4:15  Drone  
  52  4:28  Queen  
  54  4:32  Zergling x12  
  60  4:48  Overlord x2  
  53  5:09  Zergling x18  
  60  5:29  Zergling x10  
  64  5:44  Baneling x3  
  64  5:45  Baneling x5  
  60  5:56  Zergling x12  
  66  6:02  Queen  
  68  6:04  Baneling x3  
  68  6:05  Baneling x7  
  68  6:08  Zergling x6  
Show
View Real Time Build Order
Export as new Build Order

JEROS Terran 

Build Orders: Hellion Opening, Reaper Expand 

Get SALT Encoding   

  12  0:00  SCV  
  13  0:13  SCV  
  14  0:17  Supply Depot  
  14  0:25  SCV  
  15  0:38  SCV  
  15  0:40  Barracks  
  16  0:44  Refinery  
  16  0:50  SCV  
  17  1:02  SCV  
  18  1:15  SCV  
  19  1:27  Orbital Command, Reaper  
  20  1:40  Command Center  
  20  1:47  Supply Depot  
  20  1:53  SCV  
  21  1:59  Marine  
  22  2:05  SCV  
  23  2:11  Factory  
  23  2:15  Refinery  
  23  2:17  SCV  
  23  2:22  Barracks Reactor  
  24  2:29  SCV  
  24  2:41  SCV  
  25  2:53  SCV  
  26  3:01  Starport  
  25  3:05  Orbital Command  
  25  3:06  Barracks Tech Lab, SCV  
  25  3:12  Hellion x2  
  30  3:18  SCV  
  31  3:25  Supply Depot  
  31  3:30  SCV  
  31  3:31  SCV  
  31  3:33  Hellion x2  
  37  3:38  Viking  
  39  3:42  SCV  
  39  3:43  SCV  
  41  3:49  Supply Depot  
  41  3:54  SCV, Hellion  
  41  3:55  SCV  
  45  3:56  Hellion  
  45  4:01  Liberator  
  47  4:06  SCV  
  47  4:07  SCV  
  47  4:12  Supply Depot  
  47  4:16  Hellion  
  49  4:18  Hellion  
  49  4:19  SCV  
  55  4:25  SCV  
  55  4:31  SCV  
  57  4:35  Supply Depot  
  57  4:37  SCV, Hellion  
  60  4:39  Hellion  
  60  4:43  SCV  
  63  4:49  SCV  
  64  4:54  Supply Depot  
  64  4:55  SCV  
  65  5:00  Command Center  
  65  5:02  SCV  
  66  5:07  SCV, Hellion x2  
  66  5:11  Factory  
  66  5:14  SCV  
  70  5:15  Factory  
  70  5:16  Starport Tech Lab  
  70  5:19  SCV  
  63  5:26  SCV  
  66  5:28  Hellion  
  66  5:29  Refinery, Hellion  
  66  5:30  Refinery  
  66  5:31  Armory  
  68  5:37  SCV  
  68  5:38  SCV  
  66  5:45  Engineering Bay  
  64  5:50  SCV x2  
  64  5:53  Starport Reactor  
  64  5:54  Hellion x2  
  69  6:04  Supply Depot  
  69  6:06  Cyclone  
  69  6:07  SCV x2  
  77  6:28  SCV x2  
Tags
 
Add a new tag
Caveats
  • Supply blocks, unpowered buildings, or Contaminate may cause inaccurate times.
  • Supply counts are checked every 10 seconds.